 Dungeon Crawl Stone Soup version 0.30-a0-634-g8abc85282e (webtiles) character file.

Game seed: 6798352710192047158

32 holysushi the Cutter (level 3, -6/26 HPs)
             Began as an Octopode Monk on Jan 15, 2023.
             Splashed by a jelly's acid (8 damage)
             ... on level 2 of the Dungeon.
             The game lasted 00:01:39 (975 turns).

holysushi the Cutter (Octopode Monk)                 Turns: 975, Time: 00:01:39

Health: -6/26      AC: -11   Str: 10    XL:     3   Next: 25%
Magic:  3/3        EV: 14    Int: 12    God:
Gold:   35         SH:  5    Dex: 16    Spells: 2/2 levels left

rFire   . . .      SeeInvis .    a - +1 short sword
rCold   x . .      Faith    .    (no shield)
rNeg    . . .      Spirit   .    (helmet restricted)
rPois   .          Reflect  +    g - amulet of reflection
rElec   .          Harm     .    (no ring)
rCorr   .          Rampage  .    (no ring)
Will    .....                    (no ring)
Stlth   +++                      (no ring)
HPRegen 0.24/turn                (no ring)
MPRegen 0.08/turn                (no ring)
                                 (no ring)
                                 (no ring)

@: corroded, unable to read
A: almost no armour, amphibious, 8 rings, camouflage 1, gelatinous body 1,
(nimble swimmer 1), tentacles, tentacle spike 1, cold vulnerability 1, inability
to read after injury 1
a: no special abilities


You were on level 2 of the Dungeon.
You visited 1 branch of the dungeon, and saw 2 of its levels.

You collected 35 gold pieces.

Inventory:

Hand Weapons
 a - a +1 short sword (weapon)
Jewellery
 g - an amulet of reflection (around mantle)
Scrolls
 f - 2 scrolls of enchant weapon
Potions
 b - a potion of ambrosia
 e - a potion of curing


   Skills:
 - Level 3.0 Fighting
 + Level 4.3 Short Blades
 - Level 3.0 Dodging
 - Level 2.6 Stealth


You had 2 spell levels left.
You didn't know any spells.
Your spell library contained the following spells:

 Spells                   Type           Power      Damage    Failure   Level
 Summon Small Mammal      Summ           0%         N/A       32%         1
 Call Canine Familiar     Summ           0%         N/A       69%         3
 Ozocubu's Armour         Ice            0%         N/A       69%         3
 Summon Guardian Golem    Hex/Summ       0%         N/A       69%         3
 Tukima's Dance           Hex            0%         N/A       69%         3
 Passage of Golubria      Tloc           0%         N/A       97%         4
 Yara's Violent Unravell  Hex/Tmut       0%         3d3       100%        5
 Ozocubu's Refrigeration  Ice            0%         4d7       100%        7


Dungeon Overview and Level Annotations

Branches:
Dungeon (2/15) Zot: 11035

Altars:


Innate Abilities, Weirdness & Mutations

You cannot wear most types of armour.
You are amphibious.
You can wear up to eight rings at the same time.
Your skin changes colour to match your surroundings (Stealth+).
Your rubbery body absorbs attacks. (AC +1, EV +1)
((You are camouflaged when in or above water. (Stealth+)))
You have tentacles for arms and can constrict up to eight enemies at once.
One of your tentacles bears a spike.
You are vulnerable to cold. (rC-)
You occasionally lose the ability to read scrolls when taking damage.


Message History

You feel better. You block the bat's attack. You block the jelly's attack.
You feel better. The bat hits you. The jelly barely misses you.
Okay, then.
The jelly attacks as you move away! The jelly hits you. The acid corrodes you!
You are splashed with acid!
* * * LOW HITPOINT WARNING * * *
The bat misses you.
It was a potion of magic.
Magic courses through your body. The bat barely misses you. x2
It was a potion of mutation.
You feel extremely strange.
You feel vulnerable to cold.
You occasionally lose the ability to read scrolls when taking damage.
One of your lower tentacles grows a sharp spike.
It was a potion of heal wounds.
You feel much better. The jelly hits you. The acid corrodes you!
You are splashed with acid!
The jelly attacks as you move away! The jelly misses you.
The jelly attacks as you move away! The jelly closely misses you.
Okay, then.
The jelly attacks as you move away! The jelly hits you.
You are splashed with acid!
You feel threatened and lose the ability to read scrolls!
* * * LOW HITPOINT WARNING * * *
You aren't carrying any items that you can evoke.
You cannot read scrolls in your current state!
Unknown command.
Okay, then.
Okay, then.
You hit the jelly but do no damage.
Your tentacles burn!
* * * LOW HITPOINT WARNING * * *
You pierce the jelly, but do no damage.
You squeeze the jelly, but do no damage.
The jelly is moderately wounded.
The jelly misses you.
You hit the jelly but do no damage.
Your tentacles burn!
* * * LOW HITPOINT WARNING * * *
The jelly is moderately wounded.
The jelly hits you.
* * * LOW HITPOINT WARNING * * *
You are splashed with acid!
You die...

....### #.#.# #.#....#
##... #####.#.##
#.#....###### .....
....[....# #............
#..#.#####.#####.#
###.(..###### .!.......#.#
#.#######.## #.......##.#
#.......#.#
#.......##.###########.#†#
........##)..bJ..#####.#.#
#......##.####@....##.#.#
#.........# #....[##.#.#
#.._...#### #.....##.#.#
#......# #####.#####.#.#
#.##.... #.# #.# #.#.# #
#.#### #.###.# #.#.## #.
#.....# #....# ## #.#####
#.<..# #.# #....#


You could see a jelly and a bat.

Vanquished Creatures
  A dart slug (D:1)
  3 ball pythons
  3 bats
  An endoplasm (D:1)
  A giant cockroach (D:1)
  A goblin (D:2)
  5 hobgoblins
  2 quokkas (D:2)
  A frilled lizard (D:1)
  3 kobolds
  5 rats
26 creatures vanquished.

Notes
Turn   | Place    | Note
-------+----------+-------------------------------------------
     0 | D:1      | holysushi the Octopode Monk began the quest for the Orb.
     0 | D:1      | Reached XP level 1. HP: 16/16 MP: 1/1
   279 | D:1      | Reached XP level 2. HP: 18/21 MP: 2/2
   774 | D:2      | Reached skill level 4 in Short Blades
   796 | D:2      | Reached XP level 3. HP: 26/26 MP: 3/3
   950 | D:2      | Found a faded altar of an unknown god.
   960 | D:2      | HP: 1/26 [acid (5)]
   966 | D:2      | Gained mutation: You are vulnerable to cold. (rC-) [potion
                  | of mutation]
   966 | D:2      | Gained mutation: You occasionally lose the ability to read
                  | scrolls when taking damage. [potion of mutation]
   966 | D:2      | Gained mutation: One of your tentacles bears a spike.
                  | [potion of mutation]
   975 | D:2      | Splashed by a jelly's acid

Illustrated notes

Levels and vault maps discovered:
D:1:      psy_arrival_dodecagon, layout_loops_ring,
          hangedman_abyss_or_decor_stabs, minmay_misc_feat_four_crosses
D:2:      layout_basic, basic_ecumenical_altar, chequers_serial_rivers_large_b

Skill      XL: |  1  2 |
---------------+-------+-----
Short Blades   | 4 |  4.3
Fighting       | |  3.0
Dodging        | |  3.0
Stealth        | |  2.6

Action                   || total
-------------------------++-------
Melee: Short sword       ||    58
       Constrict         ||    15
       Tentacles         ||    12
       Kick              ||     1
       Punch             ||     1
  Use: Scroll            ||     4
       Potion            ||     5
 Stab: Sleeping          ||     8
Armor: Skin              ||     1
Dodge: Dodged            ||    39
Block: Other             ||     6

Table legend: (Time is in decaauts)
 A = Elapsed time spent in this place.
 B = Non-inter-level travel time spent in this place.
 C = Inter-level travel time spent in this place.
 D = Time resting spent in this place.
 E = Time spent auto-exploring this place.
 F = Levels seen in this place.
 G = Mean time per level.
                   A        B        C        D        E       F      G
               +--------+--------+--------+--------+--------+-----+--------+
         Total |    964 |    964 |      0 |    100 |    633 |   2 |  482.0 |
       Dungeon |    964 |    964 |      0 |    100 |    633 |   2 |  482.0 |
               +--------+--------+--------+--------+--------+-----+--------+

Top non-repeatable levels by time:
     D:1: 738 daAuts
     D:2: 225 daAuts
